 Dungeon Crawl Stone Soup version 0.19.1 (webtiles) character file.

84 kae the Insei (level 4, -5/37 HPs)
             Began as a Demonspawn Monk on Dec 23, 2016.
             Killed by nerve-wracking pain
             ... invoked by an orc priest
              (13 damage)
             ... on level 3 of the Dungeon.
             The game lasted 00:02:46 (2991 turns).

kae the Insei (Demonspawn Monk)                     Turns: 2991, Time: 00:02:47

Health: -5/37      AC:  4    Str: 11    XL:     4   Next: 23%
Magic:  4/4        EV: 13    Int: 11    God:
Gold:   105        SH:  0    Dex: 17    Spells: 0 memorised, 3 levels left

rFire  . . .     SeeInvis .       - Unarmed
rCold  . . .     Gourm    .     a - +0 robe
rNeg   . . .     Faith    .     (no shield)
rPois  .         Spirit   .     (no helmet)
rElec  .         Reflect  .     (no cloak)
rCorr  .         Harm     .     (no gloves)
MR     .....                    (no boots)
Stlth  ++........               (no amulet)
                                (no ring)
                                (no ring)

@: no status effects
A: icy blue scales 1
a: no special abilities


You were on level 3 of the Dungeon.
You were not hungry.

You visited 1 branch of the dungeon, and saw 3 of its levels.

You collected 105 gold pieces.

Inventory:

Armour
 a - a +0 robe (worn)
Wands
 k - a wand of lightning (15/15)
Scrolls
 c - 3 scrolls of remove curse
 f - 5 scrolls of teleportation
Potions
 e - a potion of agility
 h - a potion of lignification {unknown}
 m - a potion of haste {unknown}
 n - a potion of heal wounds {unknown}
 o - a potion of degeneration {unknown}
 r - a potion of brilliance {unknown}
Comestibles
 b - 3 bread rations
 d - 3 chunks of flesh


   Skills:
 + Level 3.8 Fighting
 - Level 2.6 Dodging
 - Level 1.7 Stealth
 * Level 4.1 Unarmed Combat


You had 3 spell levels left.
You didn't know any spells.

Dungeon Overview and Level Annotations

Branches:
Dungeon (3/15)

Altars:
Ashenzari
Gozag
Hepliaklqana
Yredelemnul

Annotations:
D:3 kraktruk's ghost, amateur HaBe


Innate Abilities, Weirdness & Mutations

You are partially covered in icy blue scales. (AC +2)


Message History

The orc priest is heavily wounded.
The orc priest hits you with a dagger.
You hit the orc priest but do no damage.
The orc priest is heavily wounded.
You hit the orc priest but do no damage.
The orc priest is heavily wounded.
The orc priest mumbles some strange prayers to Beogh against you.
Pain shoots through your body!
You hit the orc priest.
The orc priest is heavily wounded.
The orc priest barely misses you.
You hit the orc priest but do no damage.
The orc priest is heavily wounded.
The orc priest hits you with a dagger.
* * * LOW HITPOINT WARNING * * *
You hit the orc priest.
The orc priest is severely wounded.
The orc priest calls down the wrath of Beogh upon you.
Pain shoots through your body!
You die...

).).....# #........# ##.
#######.# #####.#### #.
#####.#### #.......# #. #
#........# #.##.##.# ##+
###.###.##.# #....##.# ##.. .##.#
#.##.# #.#..##.# ##...
..#.###..#.##### #[..#.#.# ##....
.........(.....###..#....###.....
................@ow....>...+.....
.....##....###.####.#...####.....
..#..##..#.# #.####.##.### *#....
.##.......(# #.#.........# ##...
####.##.##.###.#.##.###..# ##.. #
#.##....(...#.##.# *..# ##'
#.#####(#####.##.##*..# #.
#.......# #.##..#*,.# #. #
#######.# #.###.#*..# ##.


You could see a worm and an orc priest.

Vanquished Creatures
  An adder (D:3)
  A worm (D:3)
  A dart slug (D:2)
  3 leopard geckos
  3 orcs (D:3)
  10 bats
  5 giant cockroaches
  5 goblins
  2 hobgoblins (D:1)
  5 jackals
  7 kobolds
  5 ball pythons
  2 frilled lizards
  10 rats
60 creatures vanquished.

Notes
Turn   | Place    | Note
-------+----------+-------------------------------------------
     0 | D:1      | kae the Demonspawn Monk began the quest for the Orb.
     0 | D:1      | Reached XP level 1. HP: 18/18 MP: 1/1
   180 | D:1      | Reached skill level 3 in Unarmed Combat
   193 | D:1      | Gained mutation: You are partially covered in icy blue scales. (AC +2) [demonic ancestry]
   193 | D:1      | Reached XP level 2. HP: 22/24 MP: 2/2
   734 | D:1      | Reached XP level 3. HP: 18/29 MP: 3/3
   982 | D:2      | Found an opulent altar of Gozag.
  2005 | D:3      | Noticed kraktruk's ghost (amateur HaBe)
  2493 | D:3      | Found a basalt altar of Yredelemnul.
  2517 | D:3      | Reached XP level 4. HP: 37/37 MP: 4/4
  2589 | D:3      | Found a hazy altar of Hepliaklqana.
  2626 | D:3      | Reached skill level 4 in Unarmed Combat
  2938 | D:3      | Found a shattered altar of Ashenzari.
  2991 | D:3      | Killed from afar by an orc priest

Skill      XL: |  1  2  3  4 |
---------------+-------------+-----
Unarmed Combat | 3 4 |  4.1
Fighting       | |  3.8
Dodging        | |  2.6
Stealth        | |  1.7

Action                   |  1- 3 |  4- 6 || total
-------------------------+-------+-------++-------
Melee: Unarmed           |   173 |    65 ||   238
       Punch             |     2 |     2 ||     4
  Use: Scroll            |     9 |       ||     9
 Stab: Sleeping          |     5 |       ||     5
  Eat: Chunk             |     2 |     3 ||     5
       Beef jerky        |     1 |       ||     1
Armor: Robe              |    42 |     5 ||    47
Dodge: Dodged            |   111 |    24 ||   135
